 Dungeon Crawl Stone Soup version 0.18.1-48-g4cf74bf (webtiles) character file.

159 Alarkh the Slasher (level 5, 0/38 HPs)
             Began as a Mummy Skald on Sept 13, 2016.
             Slain by a hippogriff (2 damage)
             ... on level 4 of the Dungeon.
             The game lasted 00:04:18 (2888 turns).

Alarkh the Slasher (Mummy Skald)                    Turns: 2888, Time: 00:04:20

Health: 0/38       AC:  3    Str: 15    XL:     5   Next: 17%
Magic:  0/8        EV: 11    Int: 13    God:
Gold:   68         SH:  0    Dex: 11    Spells: 3 memorised, 2 levels left

rFire  + . .     SeeInvis .     a - +0 falchion
rCold  + . .     Gourm    .     l - +2 robe {rF+}
rNeg   + + +     Faith    .     (no shield)
rPois  ∞         Spirit   .     m - +0 helmet
rElec  .         Dismiss  .     (no cloak)
rCorr  .         Reflect  .     (no gloves)
SustAt .         Harm     .     (no boots)
MR     .....                    (no amulet)
Stlth  +.........               q - -2 ring of protection (curse)
                                e - ring of protection from fire (curse)

@: infused, very slightly contaminated, drained, not resistant to hostile
enchantments, very unstealthy
A: no food or potions, fire vulnerability, cold resistance 1, negative energy
resistance 3, torment resistance, unbreathing
a: no special abilities


You were on level 4 of the Dungeon.
You were not hungry.

You visited 1 branch of the dungeon, and saw 5 of its levels.

You collected 68 gold pieces.

Inventory:

Hand Weapons
 a - a +0 falchion (weapon)
Armour
 b - a +0 leather armour
 l - a +2 robe of fire resistance (worn)
 m - a +0 helmet (worn)
Jewellery
 e - a cursed ring of protection from fire (left hand)
 i - an uncursed amulet of harm
 o - an uncursed ring of wizardry
 p - a +3 ring of evasion
 q - a cursed -2 ring of protection (right hand)
Wands
 k - a wand of random effects (17/48)
Scrolls
 d - a scroll of recharging
 f - 3 scrolls of random uselessness
 g - a scroll of magic mapping
 h - 2 scrolls of teleportation
 n - 2 scrolls of enchant armour
Books
 c - a book of Battle

   Spells                             Type                      Level
   a - Infusion                       Charms                       1
   b - Shroud of Golubria             Charms/Translocation         2
   c - Song of Slaying                Charms                       2
   d - Spectral Weapon                Hexes/Charms                 3
   e - Regeneration                   Charms/Necromancy            3


   Skills:
 - Level 2.0(1.7) Fighting
 + Level 4.5(4.2) Long Blades
 - Level 0.7(0.5) Armour
 - Level 0.7(0.5) Dodging
 - Level 2.0(1.7) Spellcasting
 - Level 2.4(2.1) Charms


You had 2 spell levels left.
You knew the following spells:

 Your Spells              Type           Power        Failure   Level  Hunger
a - Infusion              Chrm           #...         12%         1    N/A
b - Shroud of Golubria    Chrm/Tloc      #.........   24%         2    N/A
c - Spectral Weapon       Hex/Chrm       #.......     52%         3    N/A

Dungeon Overview and Level Annotations

Branches:
Dungeon (5/15)
 Temple: D:4-7

Altars:
Qazlal
The Shining One

Annotations:
D:4 Mesmaeker13's ghost, novice HECj


Innate Abilities, Weirdness & Mutations

You do not eat or drink.
Your flesh is vulnerable to fire.
You are immune to poison.
Your flesh is cold resistant.
You are immune to negative energy.
You are immune to unholy pain and torment.
You can survive without breathing.


Message History

The hippogriff is moderately wounded.
Your spectral weapon closely misses the hippogriff.
The hippogriff bites you. The hippogriff pecks you. The hippogriff claws you!
You are too injured to fight recklessly!
You are too injured to fight recklessly!
You barely miss the hippogriff.
The hippogriff is moderately wounded.
Your spectral weapon barely misses the hippogriff.
The hippogriff closely misses you. The hippogriff pecks you.
The hippogriff claws you.
* * * LOW HITPOINT WARNING * * *
You hit the hippogriff but do no damage.
The hippogriff is moderately wounded.
Your spectral weapon closely misses the hippogriff.
The hippogriff bites you!
* * * LOW HITPOINT WARNING * * *
The hippogriff pecks you.
* * * LOW HITPOINT WARNING * * *
The hippogriff claws you.
You die...

.### ..?.
... ..# #.#
#.# # #.# #.
####.##H####
..
.......@(..#
##
........##.#
####.#####.#
#. #.# # #.#
####.#
..##.#
#.##.#
#.##.#


You could see a hippogriff and a friendly spectral falchion.

Vanquished Creatures
  Ijyb (D:2)
  An orc wizard (D:3)
  A gnoll (D:1)
  3 adders (D:2)
  A worm (D:2)
  4 dart slugs
  4 orcs
  5 giant cockroaches
  2 goblins
  13 hobgoblins
  3 jackals
  4 kobolds
  A quokka (D:3)
  7 bats
  3 giant newts
  3 rats
56 creatures vanquished.

Notes
Turn   | Place    | Note
--------------------------------------------------------------
     0 | D:1      | Alarkh the Mummy Skald began the quest for the Orb.
     0 | D:1      | Reached XP level 1. HP: 16/16 MP: 3/3
    77 | D:1      | Reached skill level 2 in Long Blades
   109 | D:1      | Reached XP level 2. HP: 17/22 MP: 0/5
   735 | D:2      | Reached XP level 3. HP: 24/27 MP: 2/6
   828 | D:2      | Reached skill level 3 in Long Blades
   891 | D:2      | Noticed Ijyb
   914 | D:2      | Killed Ijyb
   918 | D:2      | Reached XP level 4. HP: 15/33 MP: 1/7
  1436 | D:2      | Found a stormy altar of Qazlal.
  1436 | D:2      | Found a glowing golden altar of the Shining One.
  1674 | D:3      | Reached skill level 4 in Long Blades
  1831 | D:2      | Learned a level 2 spell: Shroud of Golubria
  1835 | D:2      | Learned a level 3 spell: Spectral Weapon
  1865 | D:3      | Reached XP level 5. HP: 19/38 MP: 6/8
  2411 | D:3      | Found a glowing golden altar of the Shining One.
  2732 | D:5      | Entered Level 5 of the Dungeon
  2732 | D:5      | Noticed an ice beast
  2808 | D:4      | Noticed Mesmaeker13's ghost (novice HECj)
  2878 | D:4      | Noticed a hippogriff
  2888 | D:4      | Slain by a hippogriff

Skill      XL: |  1  2  3  4 |
---------------+-------------+-----
Long Blades    | 2 3 4 |  4.5
Fighting       | |  2.0
Armour         | |  0.7
Dodging        | |  0.7
Spellcasting   | |  2.0
Charms         | |  2.4

Action                   |  1- 3 |  4- 6 || total
-------------------------+-------+-------++-------
Melee: Falchion          |    83 |   126 ||   209
 Cast: Infusion          |    14 |    19 ||    33
       Shroud of Golubri |       |     2 ||     2
       Spectral Weapon   |       |     1 ||     1
  Use: Scroll            |       |     7 ||     7
Armor: Leather armour    |    30 |    42 ||    72
       Robe              |       |    10 ||    10
Dodge: Dodged            |    38 |    82 ||   120
